MWL (24 & UNDER)
BARRY'S BAY ORIOLES @ LITTLE ROCK LEMMIWINKS
05/23/2028
 
TOP OF THE 1ST
Barry's Bay Orioles batting - Pitching for Little Rock Lemmiwinks : RHP Alejandro Hernández
Pitching: RHP Alejandro Hernández
Batting: SHB Emílio Calvillo 0-0: Called Strike
0-1: Foul Ball, location: 2F
0-2: Foul Ball, location: 2F
0-2: Foul Ball, location: 2F
0-2: Ball
1-2: Ball
2-2: Ball
3-2: Foul Ball, location: 2F
3-2: Foul Ball, location: 2F
3-2: Foul Ball, location: 2F
3-2: Fly out, F8 (Line Drive, 8LM)
Batting: SHB Terry Christian 0-0: Ball
1-0: Ground out 5-3 (Groundball, 56S)
Batting: RHB Jason Ward 0-0: Called Strike
0-1: Foul Ball, location: 2F
0-2: SINGLE (Groundball, 56D)
Batting: LHB T.J. Richardson 0-0: Called Strike
Jason Ward steals 2nd base
0-1: Foul Ball, location: 2F
0-2: Ball
1-2: Foul Ball, location: 2F
1-2: Foul Ball, location: 2F
1-2: Ball
2-2: Ball
3-2: Foul Ball, location: 2F
3-2: Foul Ball, location: 2F
3-2: Fly out, F7 (Flyball, 7)
Top of the 1st over - 0 run(s), 1 hit(s), 0 error(s), 1 left on base; Barry's Bay 0 - Little Rock 0
BOTTOM OF THE 1ST
Little Rock Lemmiwinks batting - Pitching for Barry's Bay Orioles : RHP Félix González
Pitching: RHP Félix González
Batting: RHB Juan Trujillo 0-0: Ball
1-0: Called Strike
1-1: Foul Ball, location: 2F
1-2: Ball
2-2: SINGLE (Line Drive, 6M)
Batting: LHB Dave Raines 0-0: Called Strike
Pickoff Throw to First - Error! E1
Juan Trujillo to second
0-1: Foul Ball, location: 2F
0-2: Ball
1-2: Strikes out swinging
Batting: LHB Elvin Summers 0-0: Ball
1-0: Called Strike
1-1: Ball
2-1: Ball
Wild Pitch!
Juan Trujillo to third
3-1: Called Strike
3-2: TRIPLE (Groundball, 3L)
Juan Trujillo scores
Batting: RHB Bill Bourland 0-0: Called Strike
0-1: Ground out 4-3 (Groundball, 4M)
Elvin Summers scores
Batting: SHB Juan Carlos González 0-0: Swinging Strike
0-1: Swinging Strike
0-2: Ball
1-2: Ball
2-2: Foul Ball, location: 2F
2-2: Strikes out looking
Bottom of the 1st over - 2 run(s), 2 hit(s), 1 error(s), 0 left on base; Barry's Bay 0 - Little Rock 2
TOP OF THE 2ND
Barry's Bay Orioles batting - Pitching for Little Rock Lemmiwinks : RHP Alejandro Hernández
Batting: RHB Troy González 0-0: Called Strike
0-1: Foul Ball, location: 2F
0-2: Ball
1-2: Strikes out swinging
Batting: LHB Ryan Rheaume 0-0: Foul Ball, location: 2F
0-1: Swinging Strike
0-2: Foul Ball, location: 2F
0-2: Ball
1-2: Ball
2-2: Foul Ball, location: 2F
2-2: Strikes out looking
Batting: SHB Garrett Waller 0-0: Ball
1-0: Foul Ball, location: 2F
1-1: Ball
2-1: Ball
3-1: Called Strike
3-2: Ground out 2-3 (Groundball, 2L)
Top of the 2nd over - 0 run(s), 0 hit(s), 0 error(s), 0 left on base; Barry's Bay 0 - Little Rock 2
BOTTOM OF THE 2ND
Little Rock Lemmiwinks batting - Pitching for Barry's Bay Orioles : RHP Félix González
Batting: SHB Darrel Lang 0-0: Ball
1-0: Called Strike
1-1: Ball
2-1: Ball
3-1: Fly out, F7 (Flyball, 7)
Batting: RHB Jack Crossey 0-0: Ball
1-0: SINGLE (Line Drive, 34D)
Batting: RHB Álex Martínez 0-0: Ball
1-0: Swinging Strike
1-1: Swinging Strike
1-2: Foul Ball, location: 2F
1-2: Ball
2-2: Ball
3-2: Strikes out swinging
Batting: RHB Álex Ochoa 0-0: Called Strike
0-1: Foul Ball, location: 2F
0-2: Ball
1-2: Foul Ball, location: 2F
1-2: Ball
2-2: Ball
3-2: Base on Balls
Jack Crossey to second
Batting: RHB Juan Trujillo 0-0: Called Strike
0-1: Ball
1-1: Swinging Strike
1-2: Ball
2-2: SINGLE (Groundball, 6MD)
Jack Crossey to third
Álex Ochoa to second
Runner from 3rd tries for Home, SAFE, no throw
Batting: LHB Dave Raines 0-0: Ball
1-0: Foul Ball, location: 2F
1-1: Ball
2-1: SINGLE (Groundball, 6MD)
Álex Ochoa to third
Juan Trujillo to second
Runner from 3rd tries for Home, SAFE, no throw
Batting: LHB Elvin Summers 0-0: Ball
1-0: Fly out, F8 (Line Drive, 8LM)
Bottom of the 2nd over - 2 run(s), 3 hit(s), 0 error(s), 2 left on base; Barry's Bay 0 - Little Rock 4
TOP OF THE 3RD
Barry's Bay Orioles batting - Pitching for Little Rock Lemmiwinks : RHP Alejandro Hernández
Batting: RHB Jake Erickson 0-0: Foul Ball, location: 2F
0-1: Called Strike
0-2: Ball
1-2: Ball
2-2: Foul Ball, location: 2F
2-2: Ball
3-2: Strikes out looking
Batting: RHB Bill Pike 0-0: Ball
1-0: Called Strike
1-1: Foul Ball, location: 2F
1-2: Ground out 6-3 (Groundball, 56)
Batting: SHB Emílio Calvillo 0-0: Foul Ball, location: 2F
0-1: Ball
1-1: Called Strike
1-2: Ball
2-2: Strikes out swinging
Top of the 3rd over - 0 run(s), 0 hit(s), 0 error(s), 0 left on base; Barry's Bay 0 - Little Rock 4
BOTTOM OF THE 3RD
Little Rock Lemmiwinks batting - Pitching for Barry's Bay Orioles : RHP Félix González
Batting: RHB Bill Bourland 0-0: DOUBLE (Line Drive, 8RD)
Batting: SHB Juan Carlos González 0-0: Called Strike
0-1: Ball
1-1: Ball
2-1: Swinging Strike
2-2: Strikes out swinging
Batting: SHB Darrel Lang 0-0: Called Strike
0-1: Ball
1-1: Ball
2-1: Called Strike
Bill Bourland steals 3rd base
2-2: SINGLE (Groundball, 6MS) (infield hit)
Bill Bourland scores
Batting: RHB Jack Crossey 0-0: Ball
1-0: Ball
2-0: Called Strike
2-1: Ball
3-1: Base on Balls
Darrel Lang to second
Batting: RHB Álex Martínez 0-0: Fielders Choice at 2nd, 5-4 (Groundball, 56)
Darrel Lang to third
Batting: RHB Álex Ochoa 0-0: Ball
1-0: Swinging Strike
1-1: SINGLE (Groundball, 56S) (infield hit)
Darrel Lang scores
Álex Martínez to second
Pitching: RHP Aaron Williams
Batting: RHB Juan Trujillo 0-0: Reached on error, E7 (Line Drive, 7)
Álex Martínez scores
Álex Ochoa to third
Batting: LHB Dave Raines 0-0: Ball
1-0: Called Strike
1-1: Ball
2-1: Foul Ball, location: 2F
2-2: Fly out, F7 (Flyball, 7)
Bottom of the 3rd over - 3 run(s), 3 hit(s), 1 error(s), 2 left on base; Barry's Bay 0 - Little Rock 7
TOP OF THE 4TH
Barry's Bay Orioles batting - Pitching for Little Rock Lemmiwinks : RHP Alejandro Hernández
Batting: SHB Terry Christian 0-0: Called Strike
0-1: Foul Ball, location: 2F
0-2: Strikes out swinging
Batting: RHB Jason Ward 0-0: Foul Ball, location: 2F
0-1: Swinging Strike
0-2: Ball
1-2: Foul Ball, location: 2F
1-2: Ball
2-2: Ground out 1-3 (Groundball, 13)
Batting: LHB T.J. Richardson 0-0: Called Strike
0-1: Fly out, F3 (Popup, 3S)
Top of the 4th over - 0 run(s), 0 hit(s), 0 error(s), 0 left on base; Barry's Bay 0 - Little Rock 7
BOTTOM OF THE 4TH
Little Rock Lemmiwinks batting - Pitching for Barry's Bay Orioles : RHP Aaron Williams
Batting: LHB Elvin Summers 0-0: Ball
1-0: Ball
2-0: Called Strike
2-1: SINGLE (Groundball, 4MD)
Batting: RHB Bill Bourland 0-0: Called Strike
0-1: Called Strike
Elvin Summers is caught stealing 2nd base
0-2: Ball
1-2: Strikes out swinging
Batting: SHB Juan Carlos González 0-0: DOUBLE (Line Drive, 9LM)
Batting: SHB Darrel Lang 0-0: Ball
1-0: Called Strike
1-1: SINGLE (Groundball, 34D)
Juan Carlos González to third
Runner from 3rd tries for Home, SAFE, no throw
Batting: RHB Jack Crossey 0-0: Called Strike
0-1: Ball
1-1: Swinging Strike
1-2: Strikes out swinging
Bottom of the 4th over - 1 run(s), 3 hit(s), 0 error(s), 1 left on base; Barry's Bay 0 - Little Rock 8
TOP OF THE 5TH
Barry's Bay Orioles batting - Pitching for Little Rock Lemmiwinks : RHP Alejandro Hernández
Batting: RHB Troy González 0-0: Ground out 5-3 (Groundball, 56S)
Batting: LHB Ryan Rheaume 0-0: Ball
1-0: Foul Ball, location: 2F
1-1: Ball
2-1: SINGLE (Groundball, 56S) (infield hit)
Pitching: LHP Alberto Galindo
Batting: SHB Garrett Waller 0-0: Called Strike
0-1: Called Strike
0-2: Ball
1-2: Ball
2-2: Ball
3-2: SINGLE (Line Drive, 9LM)
Ryan Rheaume to second
Batting: RHB Jake Erickson 0-0: Ball
1-0: Called Strike
1-1: Swinging Strike
1-2: Fielders Choice at 3rd, U5 (Groundball, 5L)
Garrett Waller to second
Batting: RHB Bill Pike 0-0: Called Strike
0-1: Foul Ball, location: 2F
0-2: Ball
1-2: Ball
2-2: Strikes out swinging
Top of the 5th over - 0 run(s), 2 hit(s), 0 error(s), 2 left on base; Barry's Bay 0 - Little Rock 8
BOTTOM OF THE 5TH
Little Rock Lemmiwinks batting - Pitching for Barry's Bay Orioles : RHP Aaron Williams
Batting: RHB Álex Martínez 0-0: Ground out 4-3 (Groundball, 34)
Batting: RHB Álex Ochoa 0-0: Ball
1-0: Ball
2-0: DOUBLE (Line Drive, 7)
Batting: RHB Juan Trujillo 0-0: Swinging Strike
0-1: Ball
1-1: Swinging Strike
1-2: Strikes out swinging
Batting: LHB Dave Raines 0-0: Ball
1-0: Foul Ball, location: 2F
1-1: Called Strike
1-2: Strikes out looking
Bottom of the 5th over - 0 run(s), 1 hit(s), 0 error(s), 1 left on base; Barry's Bay 0 - Little Rock 8
TOP OF THE 6TH
Barry's Bay Orioles batting - Pitching for Little Rock Lemmiwinks : LHP Alberto Galindo
Batting: SHB Emílio Calvillo 0-0: Ball
1-0: Ball
2-0: Called Strike
2-1: Swinging Strike
2-2: Strikes out swinging
Batting: SHB Terry Christian 0-0: Ball
1-0: Foul Ball, location: 2F
1-1: Fly out, F9 (Flyball, 9S)
Batting: RHB Jason Ward 0-0: SINGLE (Groundball, 56D)
Batting: LHB T.J. Richardson 0-0: Swinging Strike
0-1: Ball
1-1: Ball
2-1: Called Strike
2-2: Fielders Choice at 2nd, 4-6 (Groundball, 4)
Top of the 6th over - 0 run(s), 1 hit(s), 0 error(s), 0 left on base; Barry's Bay 0 - Little Rock 8
BOTTOM OF THE 6TH
Little Rock Lemmiwinks batting - Pitching for Barry's Bay Orioles : RHP Aaron Williams
Batting: LHB Elvin Summers 0-0: Ball
1-0: Ball
2-0: Ball
3-0: Called Strike
3-1: Base on Balls
Batting: RHB Bill Bourland 0-0: SINGLE (Groundball, 34D)
Elvin Summers to second
Throwing error, E9
Elvin Summers scores
Bill Bourland to second
Batting: SHB Juan Carlos González 0-0: Ball
Bill Bourland steals 3rd base
1-0: Ball
2-0: Foul Ball, location: 2F
2-1: Foul Ball, location: 2F
2-2: Ball
3-2: Ground out 4-3 (Groundball, 4)
Bill Bourland scores
Pitching: RHP Rosendo Alonso
Batting: SHB Darrel Lang 0-0: Ball
1-0: Foul Ball, location: 2F
1-1: SINGLE (Line Drive, 9LS)
Batting: RHB Jack Crossey 0-0: Called Strike
0-1: Grounds into double play, 4-6-3 (Groundball, 4M)
Bottom of the 6th over - 2 run(s), 2 hit(s), 1 error(s), 0 left on base; Barry's Bay 0 - Little Rock 10
TOP OF THE 7TH
Barry's Bay Orioles batting - Pitching for Little Rock Lemmiwinks : LHP Alberto Galindo
Batting: RHB Troy González 0-0: Ball
1-0: Called Strike
1-1: Fly out, F7 (Flyball, 7)
Batting: LHB Ryan Rheaume 0-0: Ball
1-0: Ground out U3 (Groundball, 34)
Batting: SHB Garrett Waller 0-0: Swinging Strike
0-1: Swinging Strike
0-2: Ball
1-2: Strikes out looking
Top of the 7th over - 0 run(s), 0 hit(s), 0 error(s), 0 left on base; Barry's Bay 0 - Little Rock 10
BOTTOM OF THE 7TH
Little Rock Lemmiwinks batting - Pitching for Barry's Bay Orioles : RHP Rosendo Alonso
Batting: RHB Álex Martínez 0-0: Foul Ball, location: 2F
0-1: Ball
1-1: Ball
2-1: Ball
3-1: Ground out 4-3 (Groundball, 4)
Batting: RHB Álex Ochoa 0-0: Ball
1-0: Called Strike
1-1: SINGLE (Line Drive, 6D)
Batting: RHB Juan Trujillo 0-0: Ball
1-0: Foul Ball, location: 2F
1-1: SINGLE (Groundball, 6D)
Álex Ochoa to second
Batting: LHB Dave Raines 0-0: Called Strike
0-1: Fielders Choice at 3rd, U5 (Groundball, 5L)
Juan Trujillo to second
Pinch Hitting: RHB Ánibal Soto 0-0: Ball
1-0: Fly out, F6 (Flyball, 56D)
Bottom of the 7th over - 0 run(s), 2 hit(s), 0 error(s), 2 left on base; Barry's Bay 0 - Little Rock 10
TOP OF THE 8TH
Barry's Bay Orioles batting - Pitching for Little Rock Lemmiwinks : LHP Alberto Galindo
Now in RF: Francisco Gonzáles
Batting: RHB Jake Erickson 0-0: Ball
1-0: SOLO HOME RUN (Flyball, 7D), Distance : 390 ft
Batting: RHB Bill Pike 0-0: Called Strike
0-1: Foul Ball, location: 2F
0-2: Foul Ball, location: 2F
0-2: Fly out, F2 (Popup, 34S)
Batting: SHB Emílio Calvillo 0-0: Ball
1-0: Called Strike
1-1: DOUBLE (Line Drive, 89M)
Batting: SHB Terry Christian 0-0: Ball
1-0: Ball
2-0: Called Strike
2-1: Ground out 1-3 (Groundball, P)
Emílio Calvillo to third
Batting: RHB Jason Ward 0-0: SINGLE (Groundball, 56D)
Emílio Calvillo scores
Batting: LHB T.J. Richardson 0-0: Called Strike
0-1: Swinging Strike
0-2: Strikes out looking
Top of the 8th over - 2 run(s), 3 hit(s), 0 error(s), 1 left on base; Barry's Bay 2 - Little Rock 10
BOTTOM OF THE 8TH
Little Rock Lemmiwinks batting - Pitching for Barry's Bay Orioles : RHP Rosendo Alonso
Batting: RHB Bill Bourland 0-0: Ball
1-0: Called Strike
1-1: SINGLE (Groundball, 4M) (infield hit)
Batting: SHB Juan Carlos González 0-0: Foul Ball, location: 2F
0-1: Swinging Strike
0-2: Fielders Choice at 2nd, 3-6 (Groundball, 34)
Batting: SHB Darrel Lang 0-0: Called Strike
0-1: Ball
1-1: Swinging Strike
1-2: Strikes out swinging
Batting: RHB Jack Crossey 0-0: Swinging Strike
0-1: Ball
1-1: Swinging Strike
1-2: Fly out, F9 (Flyball, 9)
Bottom of the 8th over - 0 run(s), 1 hit(s), 0 error(s), 1 left on base; Barry's Bay 2 - Little Rock 10
TOP OF THE 9TH
Barry's Bay Orioles batting - Pitching for Little Rock Lemmiwinks : LHP Alberto Galindo
Pitching: RHP Charles Palmeiro
Batting: RHB Troy González 0-0: Ball
1-0: Ball
2-0: Called Strike
2-1: Swinging Strike
2-2: Foul Ball, location: 2F
2-2: Foul Ball, location: 2F
2-2: Fly out, F8 (Flyball, 89D)
Batting: LHB Ryan Rheaume 0-0: Ball
1-0: Ball
2-0: Foul Ball, location: 2F
2-1: Swinging Strike
2-2: Ball
3-2: Foul Ball, location: 2F
3-2: Foul Ball, location: 2F
3-2: Ground out U3 (Groundball, 3L)
Batting: SHB Garrett Waller 0-0: Swinging Strike
0-1: Foul Ball, location: 2F
0-2: Ball
1-2: Strikes out looking
Top of the 9th over - 0 run(s), 0 hit(s), 0 error(s), 0 left on base; Barry's Bay 2 - Little Rock 10
Tuesday, August 8th, 2017 - OOTP Baseball 17.12 Build 75